 Dungeon Crawl Stone Soup version 0.29.0-13-gc9e81de378 (webtiles) character file.

Game seed: 12302207027723620566

62 Ivernyr the Digger (level 4, 0/23 (33) HPs)
             Began as a Meteoran Earth Elementalist on Sept 9, 2022.
             Slain by Terence
             ... wielding a +0 flail
              (5 damage)
             ... on level 2 of the Dungeon.
             The game lasted 00:12:50 (1273 turns).

Ivernyr the Digger (Meteoran Earth Elementalist)    Turns: 1273, Time: 00:12:50

HP:   0/23 (33)     AC:  2    Str: 10    XL:     4   Next: 53%
MP:   9/10          EV: 13    Int: 18    God:
Gold: 66            SH:  0    Dex: 14    Spells: 9/10 levels left

rFire   . . .      SeeInvis .   c - +0 whip
rCold   . . .      Faith    .   (no shield)
rNeg    . . .      Spirit   .   a - +0 robe
rPois   .          Reflect  .   (no helmet)
rElec   .          Harm     .   (no cloak)
rCorr   .          Rampage  .   (no gloves)
Will    .....                   (no boots)
Stlth   +.........              g - amulet of magic regeneration
HPRegen 0.07/turn               (no ring)
MPRegen 0.52/turn               (no ring)

@: glowing, very heavily drained, bezotted
A: sense surroundings 1, otherworldly, glowing, explore regen
a: no special abilities


You were on level 2 of the Dungeon.
You visited 1 branch of the dungeon, and saw 2 of its levels.

You collected 66 gold pieces.

Inventory:

Hand Weapons
 c - a +0 whip (weapon)
Armour
 a - a +0 robe (worn)
Jewellery
 g - an amulet of magic regeneration (around neck)
Scrolls
 d - a scroll of poison {unknown}
 f - a scroll of blinking {unknown}
 i - a scroll of brand weapon {unknown}
Potions
 b - a potion of magic
 e - a potion of haste {unknown}
 h - 2 potions of degeneration {unknown}


   Skills:
 + Level 3.2 Dodging
 - Level 1.4 Stealth
 + Level 3.5 Spellcasting
 + Level 2.3 Transmutations
 + Level 4.3 Earth Magic


You had 9 spell levels left.
You knew the following spells:

 Your Spells              Type           Power      Damage    Failure   Level
a - Sandblast             Erth           36%        2d10      2%          1

Your spell library contained the following spells:

 Spells                   Type           Power      Damage    Failure   Level
 Passwall                 Tmut/Erth      12%        N/A       6%          2
 Stone Arrow              Conj/Erth      20%        3d8       19%         3
 Petrify                  Tmut/Erth      15%        N/A       36%         4


Dungeon Overview and Level Annotations

Branches:
Dungeon (2/15) Zot: 99

Altars:

Annotations:
D:2 Terence


Innate Abilities, Weirdness & Mutations

You passively map a small area around you.
You are easily found by Zot.
You glow in the dark.
You regain HP and MP as you explore.


Message History

A jackal comes into view.
Casting: Sandblast (safe; 2% risk of failure)
Confirm with . or Enter, or press ? or * to list all spells.
Aiming: Sandblast (safe; 2% risk of failure)
Press: ? - help, Shift-Dir - straight line, f/p - Terence
Aim: Terence, wielding a +0 flail and wearing a +0 ring mail (moderately wounded, 84% to hit)
The blast of sand hits Terence!
Terence is severely wounded.
The jackal barks!
Terence hits you with a +0 flail.
A dart slug comes into view.
Casting: Sandblast (safe; 2% risk of failure)
Confirm with . or Enter, or press ? or * to list all spells.
Aiming: Sandblast (safe; 2% risk of failure)
Press: ? - help, Shift-Dir - straight line, f/p - Terence
Aim: Terence, wielding a +0 flail and wearing a +0 ring mail (severely wounded, 84% to hit)
The blast of sand hits Terence.
Terence is almost dead.
Terence drinks a potion.
Terence is healed!
Terence barely misses you. Terence attacks as you move away!
Terence barely misses you.
You see here an adder corpse.
Casting: Sandblast (safe; 2% risk of failure)
Confirm with . or Enter, or press ? or * to list all spells.
Aiming: Sandblast (safe; 2% risk of failure)
Press: ? - help, Shift-Dir - straight line, f/p - Terence
Aim: Terence, wielding a +0 flail and wearing a +0 ring mail (84% to hit)
The blast of sand hits Terence but does no damage.
Terence closely misses you.
Casting: Sandblast (safe; 2% risk of failure)
Confirm with . or Enter, or press ? or * to list all spells.
Aiming: Sandblast (safe; 2% risk of failure)
Press: ? - help, Shift-Dir - straight line, f/p - Terence
Aim: Terence, wielding a +0 flail and wearing a +0 ring mail (84% to hit)
The blast of sand misses Terence.
The blast of sand hits the jackal!
You kill the jackal!
You have lingered too long.
Zot senses you.
Dive deeper or flee this branch before you suffer!
Terence misses you. Terence hits you with a +0 flail.
* * * LOW HITPOINT WARNING * * *
Terence attacks as you move away! Terence hits you with a +0 flail.
You die...

, ,.. #..# ,
.##..####
,,w....... , #
,#...##.# ..#.
#...##.#
.....#...##.# *
.#......##.# ,
........†##.#######
, *
.###.#.#.@@.......#
* #.#.####.#####.#
#...#.# #.#†# #.#
#...#.# #.#.####.#
* * #...#.#
#........####
#...#.#
##.####.....#
#...#.# #.#
*#.###.# ##>..#.#
#.# ..# * #
..(....## #.# ####


You could see Terence.

Vanquished Creatures
  A gnoll (D:1)
  An adder (D:2)
  A dart slug (D:2)
  A bat (D:2)
  4 endoplasms (D:1)
  2 giant cockroaches (D:2)
  5 goblins (D:1)
  5 hobgoblins
  5 jackals
  A quokka (D:1)
  2 ball pythons
  3 frilled lizards (D:1)
  2 kobolds (D:1)
  3 rats (D:1)
36 creatures vanquished.

Notes
Turn   | Place    | Note
-------+----------+-------------------------------------------
     0 | D:1      | Ivernyr the Meteoran Earth Elementalist began the quest for
                  | the Orb.
     0 | D:1      | Reached XP level 1. HP: 14/14 MP: 5/5
    75 | D:1      | Reached XP level 2. HP: 8/20 MP: 2/6
   100 | D:1      | Reached XP level 3. HP: 10/26 MP: 1/8
   185 | D:1      | Reached skill level 4 in Earth Magic
   484 | D:1      | Glimpsed the power of Zot.
   534 | D:1      | Glimpsed the power of Zot.
  1065 | D:1      | Reached XP level 4. HP: 33/33 MP: 10/10
  1081 | D:1      | Glimpsed the power of Zot.
  1132 | D:2      | Glimpsed the power of Zot.
  1171 | D:2      | Glimpsed the power of Zot.
  1181 | D:2      | Touched by the power of Zot.
  1249 | D:2      | Noticed Terence
  1272 | D:2      | Glimpsed the power of Zot.
  1273 | D:2      | Slain by Terence

Illustrated notes

Levels and vault maps discovered:
D:1:      evilmike_arrival_plus, layout_basic, minmay_split_cup_small
D:2:      layout_loops_ring, uniq_terence

Skill      XL: |  1  2  3 |
---------------+----------+-----
Spellcasting   | 3 |  3.5
Earth Magic    | 4 |  4.3
Transmutations | 2 |  2.3
Dodging        | 3 |  3.2
Stealth        | |  1.4

Action                   |  1- 3 |  4- 6 || total
-------------------------+-------+-------++-------
Melee: Whip              |     3 |     1 ||     4
 Cast: Sandblast         |    36 |    18 ||    54
Armor: Robe              |     2 |     1 ||     3
Dodge: Dodged            |    10 |     9 ||    19
